 Dungeon Crawl Stone Soup version 0.19.5 (webtiles) character file.

682 Gargoyl the Chopper (level 7, -2/60 HPs)
             Began as a Ghoul Abyssal Knight on Apr 14, 2017.
             Was a Priest of Lugonu.
             Slain by a sky beast (5 damage)
             ... on level 5 of the Dungeon.
             The game lasted 00:08:40 (3740 turns).

Gargoyl the Chopper (Ghoul Abyssal Knight)          Turns: 3740, Time: 00:08:40

Health: -2/60      AC: 13    Str: 21    XL:     7   Next: 61%
Magic:  9/9        EV:  5    Int:  7    God:    Lugonu [***...]
Gold:   212        SH:  3    Dex: 10    Spells: 0 memorised, 6 levels left

rFire  . . .     SeeInvis .     a - +3 hand axe
rCold  + . .     Gourm    .     i - +0 plate armour
rNeg   + + +     Faith    .     e - +0 buckler
rPois  ∞         Spirit   .     (no helmet)
rElec  .         Reflect  .     (no cloak)
rCorr  .         Harm     .     g - +0 pair of gloves
MR     .....                    (no boots)
Stlth  ..........               (no amulet)
                                t - +5 ring of strength
                                s - ring of stealth

@: rotting
A: rotting body, claws 1, carnivore 3, cold resistance 1, negative energy
resistance 3, slow regeneration 1, torment resistance, unbreathing
a: Depart the Abyss, Bend Space, Banish, Renounce Religion


You were on level 5 of the Dungeon.
You worshipped Lugonu.
Lugonu was most pleased with you.
You were not hungry.

You visited 1 branch of the dungeon, and saw 5 of its levels.
You visited the Abyss 1 time.

You collected 212 gold pieces.

Inventory:

Hand Weapons
 a - a +3 hand axe (weapon)
Armour
 e - a +0 buckler (worn)
 g - a +0 pair of gloves (worn)
 i - a +0 plate armour (worn)
Jewellery
 s - a ring of stealth (left hand)
 t - a +5 ring of strength (right hand)
Wands
 d - a wand of iceblast (12/15)
 f - a wand of confusion (27/48)
Scrolls
 h - 4 scrolls of remove curse
 o - 2 scrolls of fog
Potions
 j - a potion of berserk rage {unknown}
 l - 2 potions of brilliance
 m - 2 potions of flight {unknown}
 n - a potion of agility {unknown}
 q - a potion of might {unknown}
 r - a potion of curing
 w - a potion of invisibility {unknown}
 A - a potion of magic {unknown}
Books
 p - a book of Minor Magic

   Spells                             Type                      Level
   a - Magic Dart                     Conjuration                  1
   b - Blink                          Translocation                2
   c - Call Imp                       Summoning                    2
   d - Repel Missiles                 Charms/Air                   2
   e - Slow                           Hexes                        2
   f - Conjure Flame                  Conjuration/Fire             3
   g - Mephitic Cloud                 Conjuration/Poison/Air       3
 u - a book of Necromancy

   Spells                             Type                      Level
   a - Pain                           Necromancy                   1
   b - Animate Skeleton               Necromancy                   1
   c - Vampiric Draining              Necromancy                   3
   d - Regeneration                   Charms/Necromancy            3
   e - Animate Dead                   Necromancy                   4
   f - Control Undead                 Necromancy                   4
 z - a book of Cantrips

   Spells                             Type                      Level
   a - Confusing Touch                Hexes                        1
   b - Animate Skeleton               Necromancy                   1
   c - Summon Small Mammal            Summoning                    1
   d - Apportation                    Translocation                1
Comestibles
 c - 4 meat rations
 k - 2 beef jerkies


   Skills:
 + Level 4.7 Fighting
 + Level 4.9 Axes
 * Level 4.0 Armour
 + Level 1.1 Dodging
 + Level 0.1 Shields
 * Level 4.1 Invocations


You had 6 spell levels left.
You didn't know any spells.

Dungeon Overview and Level Annotations

Branches:
Dungeon (5/15)             Temple (0/1) D:4

Altars:
Okawaru
Sif Muna


Innate Abilities, Weirdness & Mutations

Your body is rotting away.
You thrive on raw meat.
You are immune to poison.
You have sharp fingernails.
You are carnivorous and can eat meat at any time.
Your flesh is cold resistant. (rC+)
You are immune to negative energy. (rN+++)
You regenerate slowly when monsters are visible.
You are immune to unholy pain and torment.
You can survive without breathing.


Message History

This raw flesh tastes great!
Eat one of 2 chunks of flesh? (ye/n/q)
You start eating one of the 2 chunks of flesh.
Something hits you.
* * * LOW HITPOINT WARNING * * *
Something shocks you.
* * * LOW HITPOINT WARNING * * *
Something hits you.
* * * LOW HITPOINT WARNING * * *
The scorpion stings you but does no damage.
This raw flesh tastes great!
Eat a chunk of flesh? (ye/n/q)
You start eating the chunk of flesh.
You feel less confused.
A sky beast appears from thin air!
Reactivating autopickup.
The sky beast hits you.
* * * LOW HITPOINT WARNING * * *
The sky beast shocks you.
You die...

####..$.###
#.........#
##.........##
...........###
#...........#
#>..........
#..)Ys##
#<..@..#
#.......#
#.##.#..# #.
#.#..# ..
.....#
.#.##.#..#
..#. #..... ##
#. .....##


You could see a sky beast and a scorpion.

Vanquished Creatures
  An ogre (D:4)
  The ghost of AAAAA the Slasher, an amateur TeMo (D:4)
  A centaur zombie (D:4)
  A hound (D:4)
  An orc wizard (D:4)
  A bullfrog skeleton (D:4)
  An iguana (D:4)
  A centaur skeleton (D:4)
  3 worker ants (D:4)
  A hound zombie (D:4)
  3 hound skeletons (D:4)
  3 worker ant zombies (D:4)
  6 adders
  An ooze (D:3)
  2 adder skeletons (D:4)
  4 worms
  A dart slug (D:1)
  5 leopard geckos
  14 orcs
  9 giant cockroaches
  6 goblins
  8 hobgoblins
  7 jackals
  9 bats
  9 frilled lizards
  7 kobolds
  2 leopard gecko skeletons (D:4)
  A quokka skeleton (D:4)
  8 rats
117 creatures vanquished.

Notes
Turn   | Place    | Note
-------+----------+-------------------------------------------
     0 | Abyss:1  | Gargoyl the Ghoul Abyssal Knight began the quest for the Orb.
     0 | Abyss:1  | Reached XP level 1. HP: 19/19 MP: 1/1
    36 | Abyss:1  | Noticed a thrashing horror
   101 | Abyss:3  | Noticed a large abomination
   105 | D:1      | Escaped the Abyss
   291 | D:1      | Reached XP level 2. HP: 26/27 MP: 2/2
   432 | D:1      | Reached * piety under Lugonu
   708 | D:1      | Reached XP level 3. HP: 21/33 MP: 3/3
  1156 | D:2      | Found an iron altar of Okawaru.
  1350 | D:2      | Reached ** piety under Lugonu
  1350 | D:2      | Reached skill level 1 in Dodging
  1350 | D:2      | Reached XP level 4. HP: 36/39 MP: 4/4
  1360 | D:2      | Found a faded altar of an unknown god.
  2290 | D:3      | Reached XP level 5. HP: 46/46 MP: 6/6
  2475 | D:3      | Found a deep blue altar of Sif Muna.
  2584 | D:4      | Noticed AAAAA's ghost (amateur TeMo)
  2604 | D:4      | Killed AAAAA's ghost
  2773 | D:4      | Reached XP level 6. HP: 19/53 MP: 7/7
  3254 | D:4      | Reached XP level 7. HP: 56/60 MP: 8/8
  3350 | D:4      | Found a staircase to the Ecumenical Temple.
  3394 | D:4      | Reached *** piety under Lugonu
  3719 | D:5      | Entered Level 5 of the Dungeon
  3739 | D:5      | HP: 3/60 [something (3)]
  3740 | D:5      | Slain by a sky beast

Skill      XL: |  1  2  3  4  5  6  7 |
---------------+----------------------+-----
Axes           | 2 3 4 |  4.9
Armour         | 2 3 4 |  4.0
Fighting       | 4 |  4.7
Dodging        | 1 |  1.1
Invocations    | 3 4 |  4.1
Shields        | |  0.1

Action                   |  1- 3 |  4- 6 |  7- 9 || total
-------------------------+-------+-------+-------++-------
Melee: Hand axe          |   147 |   231 |    78 ||   456
Invok: Depart the Abyss  |     1 |       |       ||     1
Evoke: Wand              |       |     2 |       ||     2
  Use: Scroll            |     5 |     4 |     3 ||    12
       Potion            |     1 |     2 |       ||     3
  Eat: Chunk             |    13 |    27 |    13 ||    53
Armor: Chain mail        |   157 |       |       ||   157
       Plate armour      |    12 |   198 |    91 ||   301
Dodge: Dodged            |    64 |    59 |    32 ||   155
Block: Buckler           |       |    26 |     9 ||    35
